 Dungeon Crawl Stone Soup version 0.29-a0-653-gd47aff6735 (webtiles) character file.

Game seed: 15391963566199844361

100 DocClef the Skirmisher (level 5, -4/45 (46) HPs)
             Began as a Formicid Fighter on June 21, 2022.
             Slain by Crazy Yiuf
             ... wielding a +2 quarterstaff of chaos
              (15 damage)
             ... on level 2 of the Dungeon.
             The game lasted 00:01:36 (1952 turns).

DocClef the Skirmisher (Formicid Fighter)           Turns: 1952, Time: 00:01:36

HP:   -4/45 (46)    AC:  6    Str: 23    XL:     5   Next: 3%
MP:   5/5           EV:  9    Int:  7    God:
Gold: 128           SH:  5    Dex: 13    Spells: 4/4 levels left

rFire   . . .      SeeInvis +   a - +0 war axe
rCold   . . .      Faith    .   c - +0 buckler
rNeg    . . .      Spirit   .   b - +0 scale mail
rPois   .          Reflect  .   (helmet unavailable)
rElec   .          Harm     .   (no cloak)
rCorr   .          Rampage  .   (no gloves)
Will    .....                   (no boots)
Stlth   ..........              (no amulet)
HPRegen 0.15/turn               (no ring)
MPRegen 0.09/turn               (no ring)

@: lightly drained, invisible
A: permanent stasis, dig shafts and tunnels, antennae 3, four strong arms
a: Dig, Shaft Self


You were on level 2 of the Dungeon.
You visited 1 branch of the dungeon, and saw 2 of its levels.

You collected 128 gold pieces.

Inventory:

Hand Weapons
 a - a +0 war axe (weapon)
Armour
 b - a +0 scale mail (worn)
 c - a +0 buckler (worn)
Scrolls
 e - a scroll of identify {unknown}
Potions
 d - 3 potions of might
 f - a potion of mutation {unknown}
 g - a potion of ambrosia {unknown}
 h - a potion of berserk rage {unknown}
 i - 2 potions of haste {unknown}
 j - a potion of attraction {unknown}


   Skills:
 + Level 5.8 Fighting
 - Level 2.0 Axes
 - Level 3.2 Armour
 - Level 4.0 Shields


You had 4 spell levels left.
You didn't know any spells.
Your spell library was empty.

Dungeon Overview and Level Annotations

Branches:
Dungeon (2/15)

Altars:

Annotations:
D:2 Crazy Yiuf


Innate Abilities, Weirdness & Mutations

You cannot be hasted, slowed, berserked, paralysed or teleported.
You can dig through walls and to a lower floor.
You have a pair of large antennae on your head. (SInv)
Your four strong arms can wield two-handed weapons with a shield.


Message History

You see here a +0 mace.
No target in view!
No target in view!
No target in view!
No target in view!
No target in view!
No target in view!
Found a mace.
Crazy Yiuf shouts!
You see here a +0 mace.
Found a mace.
You open the door. You barely miss Crazy Yiuf.
Crazy Yiuf grits, "Sif Muna mobile Xom!"
You block Crazy Yiuf's attack.
You closely miss Crazy Yiuf.
Crazy Yiuf hits you with a +2 quarterstaff of chaos.
You feel drained. Crazy Yiuf barely misses you.
You hit Crazy Yiuf but do no damage.
Crazy Yiuf hits you with a +2 quarterstaff of chaos.
You easily resist.
You closely miss Crazy Yiuf. Crazy Yiuf hits you but does no damage.
You closely miss Crazy Yiuf. You block Crazy Yiuf's attack.
Crazy Yiuf barely misses you.
You barely miss Crazy Yiuf.
Crazy Yiuf hits you with a +2 quarterstaff of chaos!
You fade into invisibility!
You hit Crazy Yiuf.
Crazy Yiuf is moderately wounded.
You block Crazy Yiuf's attack.
Crazy Yiuf whimpers, "Race broken broken!"
Crazy Yiuf hits you with a +2 quarterstaff of chaos.
Crazy Yiuf freezes you.
You hit Crazy Yiuf.
Crazy Yiuf is heavily wounded.
Crazy Yiuf yells, "Proton down forty-two!"
Crazy Yiuf hits you with a +2 quarterstaff of chaos!
* * * LOW HITPOINT WARNING * * *
You are electrocuted!
You die...

......##
#....#
#.##..#..##.
.......#####
#..).#
#.##........
.......'...#
♣...)♣
#...........
.......#####
♣♣..)♣
#......#.##.
......##
♣♣.♣♣
###...###.##
..<..## ♣♣)♣
#.##.#.###
#...## ♣)♣♣
#.###.##
##'## ♣♣.♣
#.# ### ##.#
♣@♣♣ #.#
#..#########
#g# #.#
.#.........#
.)) #.#
#...########
#)).#
#.########
.....# #)..#
#.........
#...## #####
#######.#.
...## #.#.
##.# #.#.
...# #.#.


You could see Crazy Yiuf (can't see you).

Vanquished Creatures
  Robin (D:2)
  2 adders (D:2)
  2 worms (D:2)
  2 dart slugs
  5 bats
  4 endoplasms
  2 giant cockroaches
  9 goblins
  6 hobgoblins
  2 jackals (D:1)
  2 quokkas (D:2)
  8 ball pythons
  5 frilled lizards
  4 kobolds
  4 rats
58 creatures vanquished.

Notes
Turn   | Place    | Note
-------+----------+-------------------------------------------
     0 | D:1      | DocClef the Formicid Fighter began the quest for the Orb.
     0 | D:1      | Reached XP level 1. HP: 18/18 MP: 1/1
   194 | D:1      | Reached XP level 2. HP: 25/25 MP: 2/2
   315 | D:1      | Reached skill level 4 in Fighting
   575 | D:1      | Reached XP level 3. HP: 26/31 MP: 3/3
   728 | D:1      | Found a faded altar of an unknown god.
  1097 | D:2      | Reached skill level 5 in Fighting
  1184 | D:2      | Reached XP level 4. HP: 30/39 MP: 4/4
  1519 | D:2      | Noticed Robin
  1530 | D:2      | Killed Robin
  1761 | D:2      | Reached XP level 5. HP: 36/46 MP: 5/5
  1940 | D:2      | Found a runed translucent door.
  1941 | D:2      | Noticed Crazy Yiuf
  1952 | D:2      | Slain by Crazy Yiuf

Illustrated notes

Levels and vault maps discovered:
D:1:      psy_arrival_whirlpool, layout_rooms, shapermc_ecumenical_altar_pompeii
D:2:      layout_loops_corners, uniq_robin, uniq_crazy_yiuf_cottage

Skill      XL: |  1  2  3 |
---------------+----------+-----
Fighting       | 4 5 |  5.8
Axes           | |  2.0
Armour         | |  3.2
Shields        | |  4.0

Action                   |  1- 3 |  4- 6 || total
-------------------------+-------+-------++-------
Melee: War axe           |    92 |    62 ||   154
  Use: Scroll            |     2 |       ||     2
       Potion            |       |     2 ||     2
Armor: Scale mail        |    52 |    19 ||    71
       Skin              |       |    24 ||    24
Dodge: Dodged            |    64 |    21 ||    85
Block: Buckler           |    25 |    13 ||    38

Table legend: (Time is in decaauts)
 A = Elapsed time spent in this place.
 B = Non-inter-level travel time spent in this place.
 C = Inter-level travel time spent in this place.
 D = Time resting spent in this place.
 E = Time spent auto-exploring this place.
 F = Levels seen in this place.
 G = Mean time per level.
                   A        B        C        D        E       F      G
               +--------+--------+--------+--------+--------+-----+--------+
         Total |   2018 |   2013 |      5 |     27 |   1609 |   2 | 1009.0 |
       Dungeon |   2018 |   2013 |      5 |     27 |   1609 |   2 | 1009.0 |
               +--------+--------+--------+--------+--------+-----+--------+

Top non-repeatable levels by time:
     D:2: 1185 daAuts
     D:1: 833 daAuts
